 Dungeon Crawl Stone Soup version 0.29.1-1-gd02db6906a (webtiles) character file.

Game seed: 6857253628168803625

549 masschaos23 the Trooper (level 7, -1/62 HPs)
             Began as a Hill Orc Fighter on Sept 25, 2022.
             Slain by an ogre
             ... wielding a +0 giant club
              (18 damage)
             ... on level 4 of the Dungeon.
             The game lasted 00:07:06 (4188 turns).

masschaos23 the Trooper (Hill Orc Fighter)          Turns: 4188, Time: 00:07:06

Health: -1/62      AC:  9    Str: 21    XL:     7   Next: 28%
Magic:  7/7        EV:  9    Int:  8    God:
Gold:   208        SH:  5    Dex: 10    Spells: 6/6 levels left

rFire   . . .      SeeInvis .   a - +0 war axe
rCold   . . .      Faith    .   c - +0 buckler
rNeg    . . .      Spirit   .   b - +0 scale mail
rPois   .          Reflect  .   (no helmet)
rElec   .          Harm     .   (no cloak)
rCorr   .          Rampage  .   e - +0 pair of gloves
Will    .....                   l - +0 pair of boots
Stlth   ..........              (no amulet)
HPRegen 0.20/turn               (no ring)
MPRegen 0.10/turn               (no ring)

@: no status effects
A: talons 1
a: no special abilities


You were on level 4 of the Dungeon.
You visited 1 branch of the dungeon, and saw 4 of its levels.

You collected 208 gold pieces.

Inventory:

Hand Weapons
 a - a +0 war axe (weapon)
Armour
 b - a +0 scale mail (worn)
 c - a +0 buckler (worn)
 e - a +0 pair of gloves (worn)
 l - a +0 pair of boots (worn)
Wands
 m - a wand of digging (4)
Scrolls
 f - a scroll of poison
 g - 2 scrolls of noise
 h - 2 scrolls of blinking
 j - a scroll of butterflies
 k - 2 scrolls of fear
 o - a scroll of amnesia {unknown}
 p - a scroll of identify
 s - a scroll of magic mapping
Potions
 d - a potion of might
 i - 2 potions of degeneration
 n - a potion of magic
 r - a potion of curing
 t - a potion of haste {unknown}
 u - a potion of berserk rage {unknown}


   Skills:
 + Level 5.7 Fighting
 + Level 5.5 Axes
 + Level 5.2 Armour
 + Level 5.2 Shields


You had 6 spell levels left.
You didn't know any spells.
Your spell library contained the following spells:

 Spells                   Type           Power      Damage    Failure   Level
 Dazzling Flash           Conj/Hex       0%         N/A       99%         3
 Iskenderun's Mystic Bla  Conj/Tloc      0%         2d3       100%        4
 Starburst                Conj/Fire      0%         6d3       100%        6


Dungeon Overview and Level Annotations

Branches:
Dungeon (4/15)
 Temple: D:4-7

Altars:
Fedhas
Okawaru
Trog
Uskayaw
The Shining One


Innate Abilities, Weirdness & Mutations

You have sharp toenails.


Message History

There are monsters nearby!
Unknown command.
You are too injured to fight recklessly!
Unknown command.
There are monsters nearby!
You are too injured to fight recklessly!
Unknown command.
There are monsters nearby!
You are too injured to fight recklessly!
Unknown command.
There are monsters nearby!
You are too injured to fight recklessly!
Unknown command.
There are monsters nearby!
You are too injured to fight recklessly!
The phantom attacks as you move away!
The phantom hits you but does no damage.
The phantom attacks as you move away! The phantom hits you.
You completely miss the phantom.
The phantom is moderately damaged.
The phantom closely misses you. The phantom attacks as you move away!
The phantom hits you.
You closely miss the ogre.
The ogre is lightly wounded.
You hit the phantom. You block the ogre's attack.
The phantom hits you but does no damage.
You barely miss the ogre.
The ogre is lightly wounded.
You hit the phantom but do no damage. The phantom closely misses you.
The ogre barely misses you.
You hit the ogre.
The ogre is lightly wounded.
You barely miss the phantom. You block the phantom's attack.
The ogre barely misses you.
You slash the ogre!
The ogre is heavily wounded.
You hit the phantom. The phantom closely misses you. The phantom hits you.
* * * LOW HITPOINT WARNING * * *
The ogre hits you with a +0 giant club!!
You die...

##..............###
####.......)<.......<#
##.#.......#.>....###..
#..........#..#...###..
#..#...................
#.##......##..........
###...[..)............<.
#......).##.............
##.....@)...............
##....#WO................
#.....#..................
#........................
#..................#.....
#..................#.....
###..............#.......
#..#..........# .......
##.#.......... .......


You could see an ogre and a phantom.

Vanquished Creatures
  A phantom (D:4)
  2 scorpions (D:4)
  2 hounds (D:4)
  2 iguanas
  An orc wizard (D:4)
  5 gnolls
  6 adders
  4 worms
  2 dart slugs (D:1)
  8 orcs
  5 endoplasms
  4 giant cockroaches
  8 goblins
  8 hobgoblins
  3 jackals (D:3)
  7 kobolds
  6 quokkas
  8 ball pythons
  6 bats
  2 frilled lizards (D:1)
  3 rats
93 creatures vanquished.

Notes
Turn   | Place    | Note
-------+----------+-------------------------------------------
     0 | D:1      | masschaos23 the Hill Orc Fighter began the quest for the
                  | Orb.
     0 | D:1      | Reached XP level 1. HP: 19/19 MP: 1/1
    65 | D:1      | Reached XP level 2. HP: 20/27 MP: 2/2
   420 | D:1      | Reached XP level 3. HP: 33/33 MP: 3/3
   618 | D:1      | Found a faded altar of an unknown god.
  1106 | D:2      | Reached XP level 4. HP: 11/40 MP: 4/4
  1407 | D:2      | Gained mutation: You have sharp toenails. [potion of
                  | mutation]
  1407 | D:2      | Gained mutation: You passively dampen the noise of your
                  | surroundings. [potion of mutation]
  1407 | D:2      | Lost mutation: You passively dampen the noise of your
                  | surroundings. [potion of mutation]
  1799 | D:2      | Reached XP level 5. HP: 5/47 MP: 5/5
  2815 | D:3      | Found a glowing golden altar of the Shining One.
  3347 | D:3      | Found a bloodstained altar of Trog.
  3347 | D:3      | Found an iron altar of Okawaru.
  3726 | D:4      | Noticed a phantom
  3739 | D:4      | Killed a phantom
  3740 | D:4      | Reached skill level 5 in Fighting
  3740 | D:4      | Reached XP level 6. HP: 47/56 MP: 6/6
  3757 | D:4      | HP: 2/56 [iguana (10)]
  3762 | D:4      | Reached skill level 5 in Axes
  3868 | D:4      | Found a blossoming altar of Fedhas.
  3868 | D:4      | Found a hide-covered altar of Uskayaw.
  4023 | D:4      | Reached skill level 5 in Armour
  4023 | D:4      | Reached skill level 5 in Shields
  4028 | D:4      | Reached XP level 7. HP: 61/61 MP: 7/7
  4188 | D:4      | Slain by an ogre

Illustrated notes

Levels and vault maps discovered:
D:1:      co_arrival_random_square_maze, layout_rooms,
          nicolae_ecumenical_snake_handling
D:2:      layout_loops_ring, hangedman_feature_mirror
D:3:      layout_basic, grunt_temple_overflow_bloody_war,
          nicolae_tso_carved_into_rock
D:4:      layout_cave_pools, jmf_multi_god_temple, minmay_temple_entry_ruins,
          gammafunk_ghost_nasty_kobolds

Skill      XL: |  1  2  3  4  5  6 |
---------------+-------------------+-----
Axes           | 3 4 5 |  5.5
Fighting       | 4 5 |  5.7
Armour         | 4 5 |  5.2
Shields        | 4 5 |  5.2

Action                   |  1- 3 |  4- 6 |  7- 9 || total
-------------------------+-------+-------+-------++-------
Melee: War axe           |    95 |   159 |    28 ||   282
       Kick              |       |    32 |       ||    32
  Use: Scroll            |       |    12 |       ||    12
       Potion            |       |     4 |       ||     4
Armor: Scale mail        |    66 |    61 |    15 ||   142
Dodge: Dodged            |    78 |    80 |    16 ||   174
Block: Buckler           |    34 |    33 |    13 ||    80
